 Dungeon Crawl Stone Soup version 0.30.1 (webtiles) character file.

Game seed: 12388549454674232059

13099 javelincjr the Summoner (level 11, -4/109 HPs)
             Began as a Demonspawn Summoner on July 5, 2023.
             Was the Champion of Jiyva.
             Hit by a silver javelin thrown by a minotaur (17 damage)
             ... in a Gauntlet.
             The game lasted 00:57:50 (8294 turns).

javelincjr the Summoner (Demonspawn Summoner)       Turns: 8294, Time: 00:57:51

Health: -4/109     AC: 19    Str: 14    XL:     11   Next: 71%
Magic:  0/23       EV: 14    Int: 19    God:    Jiyva [******]
Gold:   297        SH:  0    Dex: 17    Spells: 14/24 levels left

rFire   + . .        B - +4 trident of the Messenger {vamp, Fly rN+}
rCold   . . .        (no shield)
rNeg    + + .        L - +0 swamp dragon scales
rPois   +            J - +1 helmet
rElec   .            U - +0 cloak of Kyrobiv {rF+ rN+ Int-3 Dex+2}
rCorr   +            F - +0 pair of gloves
SInv    .            (no boots)
Will    .....        r - amulet of magic regeneration
Stlth   +++++        H - ring of the Cricket {Str+6 Int+2 Stlth+}
HPRegen 1.98/turn    O - +4 ring of protection
MPRegen 1.26/turn

%: no teleportation, guardian spirit
@: flying
A: foul stench 2, magic shield, magic regeneration, sharp scales 2, weakness
stinger 1, high MP 1, robust 3, translucent skin 3, jelly sensing items
a: Renounce Religion, Oozemancy, Slimify


You were in a Gauntlet.
You worshipped Jiyva.
Jiyva was exalted by your worship.
You visited 2 branches of the dungeon, and saw 12 of its levels.
You also visited: Gauntlet.

You collected 541 gold pieces.
You spent 244 gold pieces at shops.

Inventory:

Hand Weapons
 n - a +0 dagger
 u - a +0 scythe
 B - the +4 trident of the Messenger (weapon) {vamp, Fly rN+}
   (You found it on level 6 of the Dungeon)

   rN:        It protects you from negative energy.
   Fly:       It grants you flight.
 I - a +3 hand axe
 T - a +3 vampiric dagger
Armour
 a - a +0 robe
 v - a +0 cloak
 F - a +0 pair of gloves (worn)
 J - a +1 helmet (worn)
 L - +0 swamp dragon scales (worn)
 U - the +0 cloak of Kyrobiv (worn) {rF+ rN+ Int-3 Dex+2}
   (You found it on level 9 of the Dungeon)

   Int:       It affects your intelligence (-3).
   Dex:       It affects your dexterity (+2).
   rF:        It protects you from fire.
   rN:        It protects you from negative energy.
Jewellery
 e - a ring of poison resistance
 f - a ring of protection from cold
 g - a ring of protection from fire
 h - the ring "Onypiemo" {rN+ rCorr Str-4 Int+8 Dex-4}
   (You found it in a Gauntlet)

   [ring of positive energy]

   Str:       It affects your strength (-4).
   Int:       It affects your intelligence (+8).
   Dex:       It affects your dexterity (-4).
   rN:        It protects you from negative energy.
   rCorr:     It protects you from acid and corrosion.
 i - a ring of willpower
 r - an amulet of magic regeneration (around neck)
 t - a ring of protection from fire
 w - a ring of protection from fire
 y - a ring of fire
 H - the ring of the Cricket (left hand) {Str+6 Int+2 Stlth+}
   (You bought it in a shop on level 6 of the Dungeon)

   [ring of strength]

   Str:       It affects your strength (+6).
   Int:       It affects your intelligence (+2).
   Stlth:     It makes you more stealthy.
 O - a +4 ring of protection (right hand)
 V - a ring of protection from fire
 X - a +6 ring of strength
 Y - a ring of ice
Wands
 G - a wand of light (2)
 K - a wand of paralysis (9)
 M - a wand of polymorph (1)
 P - a wand of iceblast (20)
 S - a wand of digging (4)
Scrolls
 d - a scroll of fog
 j - 5 scrolls of teleportation
 k - 3 scrolls of poison
 l - 2 scrolls of noise
 m - 2 scrolls of blinking
 o - 5 scrolls of enchant armour
 z - a scroll of fear
 E - a scroll of magic mapping
 N - a scroll of immolation {unknown}
Potions
 b - a potion of magic
 c - 4 potions of attraction
 p - 2 potions of curing
 q - 7 potions of heal wounds
 s - 2 potions of haste {unknown}
 C - a potion of degeneration {unknown}
 D - a potion of flight
 Q - 4 potions of brilliance
 R - 3 potions of mutation
 W - a potion of might {unknown}
Miscellaneous
 x - a tin of tremorstones (2/2)


   Skills:
 + Level 7.0 Fighting
 + Level 5.2 Polearms
 + Level 5.2 Armour
 + Level 7.0 Dodging
 + Level 7.4 Stealth
 + Level 7.0 Spellcasting
 + Level 8.5 Summonings
 + Level 4.4 Ice Magic


You had 14 spell levels left.
You knew the following spells:

 Your Spells              Type           Power      Damage    Failure   Level
a - Summon Lightning Spi  Summ/Air       22%        N/A       32%         4
b - Call Imp              Summ           78%        N/A       1%          2
c - Call Canine Familiar  Summ           39%        N/A       1%          3
d - Freeze                Ice            92%        1d9       3%          1

Your spell library contained the following spells:

 Spells                   Type           Power      Damage    Failure   Level
 Summon Small Mammal      Summ           100%       N/A       1%          1
 Frozen Ramparts          Ice            46%        1d7       10%         3
 Summon Guardian Golem    Hex/Summ       22%        N/A       10%         3
 Apportation              Tloc           12%        N/A       19%         1
 Necrotise                Necr           24%        1d5       19%         1
 Hailstorm                Conj/Ice       15%        3d5       24%         3
 Ignite Poison            Fire/Tmut/Pois 6%         N/A       50%         3
 Sticky Flame             Conj/Fire      6%         2d3       88%         4
 Ignition                 Fire           3%         3d4       100%        8


Dungeon Overview and Level Annotations

Branches:
Dungeon (10/15)            Temple (0/1) D:6            Lair (2/5) D:10
 Shoals (0/4) Lair:2      Gauntlet (1/1)
  Snake: Lair:2-3    Spider: Lair:2-3       Orc: D:9-12

Altars:
Qazlal
Vehumet
Wu Jian
Xom
Yredelemnul
Jiyva

Shops:
D:3 !   D:6 *(   D:9 *

Annotations:
Lair:2 exclusion: 2 oklob plants Gauntlet 6 transporters, 21 runed translucent doors


Innate Abilities, Weirdness & Mutations

You sometimes emit foul miasma when damaged in melee.
When hurt, damage is shared between your health and your magic reserves.
You regenerate magic rapidly.
You are mostly covered in razor-sharp scales. (AC +2, Slay +2)
You have a small tail.
You have an increased reservoir of magic. (+10% MP)
You are extremely robust. (+30% HP)
Your transparent skin significantly reduces your foes' accuracy. (Stealth+)
You have a small jelly attached to you that senses nearby items.


Message History

The minotaur closely misses you.
The minotaur gores you but does no damage.
You hit the minotaur.
You feel better.
The minotaur is lightly wounded.
Your hound bites the minotaur.
Your cerulean imp hits the minotaur but does no damage.
The minotaur hits you with a +0 dire flail!!
The minotaur gores you!
You swap places.
Your hound bites the minotaur.
Your cerulean imp hits the minotaur but does no damage.
Your hound bites the minotaur but does no damage.
The minotaur hits you with a +0 dire flail!
* * * LOW HITPOINT WARNING * * *
The minotaur barely misses you.
You swap places.
Your hound barely misses the minotaur.
The minotaur furiously retaliates!
The minotaur headbutts your hound!
Your cerulean imp closely misses the minotaur.
The minotaur furiously retaliates!
The minotaur headbutts your cerulean imp.
The minotaur misses your cerulean imp.
The minotaur barely misses your cerulean imp.
Your hound bites the minotaur.
Your cerulean imp hits the minotaur but does no damage.
Your hound bites the minotaur but does no damage.
The minotaur hits your hound with a +0 dire flail!!!
Your hound dies!
Your hound's corpse disappears in a puff of smoke!
The minotaur bellows!
Your cerulean imp hits the minotaur but does no damage.
Your lightning spire shoots out a bolt of lightning at the minotaur!
The bolt of electricity misses your cerulean imp.
The bolt of electricity hits the minotaur.
The minotaur resists.
The minotaur throws a silver javelin.
The silver javelin pierces through your cerulean imp!!
Your cerulean imp dies!
Your cerulean imp disappears in a puff of smoke!
The silver javelin pierces through you!!
* * * LOW HITPOINT WARNING * * *
The silver sears you!
You die...

## ##### ##
###.##.##.##.##
#.....###.....#
#.##.##∩##.##.#
##.##.##.##.##.##
#......#.#......#
###.##.#.###.##.#
###.##.#'###.##.#
#......H§..@....#
#.##.##§##8##.###
#.##.##.##.##.##
#...............
##.##.##.##.##.#
###.##.##.##.##.#
#§....J..........
###
#8§8.8..©.©..8.8.
## #8#
#§§.............J
#8


You could see a minotaur (resistant, ally target) and a friendly lightning spire
(summoned).

Vanquished Creatures
  A catoblepas (Gauntlet)
  A two-headed ogre (D:10)
  A wretched star (Gauntlet)
  A fire crab (Gauntlet)
  A molten gargoyle (Gauntlet)
  2 gargoyles (Gauntlet)
  Maggie (D:7)
  A komodo dragon (Lair:1)
  2 blink frogs (Lair:1)
  2 hornets
  A wyvern (D:9)
  A basilisk (Lair:2)
  Eustachio (D:5)
  2 steam dragons
  4 fire bats (Gauntlet)
  12 yaks
  2 water moccasins
  2 orc warriors (D:9)
  An ogre (D:4)
  4 wolves (Lair:1)
  3 centaurs
  A phantom (D:6)
  A kobold brigand (D:7)
  4 bullfrogs
  A scorpion (D:5)
  4 wights (D:9)
  2 killer bees (D:10)
  2 howler monkeys (D:10)
  A hound (D:7)
  4 orc priests
  3 sleepcaps
  An iguana (D:5)
  5 orc wizards
  2 gnolls (D:10)
  4 adders
  A white imp (D:5)
  A worm (D:3)
  9 orcs
  2 bats
  2 endoplasms (D:2)
  3 giant cockroaches (D:2)
  3 goblins
  3 hobgoblins
  11 kobolds
  2 quokkas (D:3)
  4 ball pythons
  2 frilled lizards
  4 rats
128 creatures vanquished.

Vanquished Creatures (collateral kills)
  Maurice (D:8)
  A cane toad (Lair:1)
  A kobold demonologist (D:10)
  A hornet (D:7)
  2 blink frogs (Lair:1)
  Sigmund (D:2)
  A wraith (D:9)
  A yak (Lair:1)
  Menkaure (D:7)
  A water moccasin (D:10)
  A black bear (D:10)
  An ogre (D:5)
  A wolf (Lair:1)
  4 bullfrogs (D:10)
  3 kobold brigands
  A gnoll sergeant (D:10)
  A scorpion (D:10)
  A wight (D:9)
  A killer bee (D:10)
  2 howler monkeys
  5 hounds
  An orc priest (D:9)
  2 gnolls (D:10)
  An adder (D:3)
  A dart slug (D:5)
  7 orcs
  4 hobgoblins (D:2)
  2 quokkas (D:2)
  3 ball pythons
  2 bats
  3 frilled lizards
  11 kobolds
  4 rats
73 creatures vanquished.

Vanquished Creatures (others)
  A small abomination (Gauntlet)
  An ogre (D:7)
  A centaur (D:9)
  A scorpion (D:7)
  7 jellies
  A sleepcap (D:5)
  An orc wizard (D:9)
  4 orcs
  A giant cockroach (D:4)
  A goblin (D:4)
  3 kobolds
22 creatures vanquished.

Grand Total: 223 creatures vanquished

Notes
Turn   | Place    | Note
-------+----------+-------------------------------------------
     0 | D:1      | javelincjr the Demonspawn Summoner began the quest for the
                  | Orb.
     0 | D:1      | Reached XP level 1. HP: 13/13 MP: 3/3
  1020 | D:2      | Noticed Sigmund
  1076 | D:2      | Gained mutation: You are partially covered in razor-sharp
                  | scales. (AC +1, Slay +1) [demonic ancestry]
  1076 | D:2      | Reached XP level 2. HP: 15/19 MP: 3/5
  1079 | D:2      | Learned a level 2 spell: Call Imp
  1693 | D:3      | Found Yptupiq's Distillery.
  1712 | D:3      | Gained mutation: You regenerate magic rapidly. [demonic
                  | ancestry]
  1712 | D:3      | Reached XP level 3. HP: 21/25 MP: 6/6
  1846 | D:3      | Reached skill level 1 in Fighting
  2123 | D:2      | Learned a level 3 spell: Call Canine Familiar
  2616 | D:2      | Killed Sigmund
  2617 | D:2      | Gained mutation: You are mostly covered in razor-sharp
                  | scales. (AC +2, Slay +2) [demonic ancestry]
  2617 | D:2      | Reached XP level 4. HP: 33/33 MP: 6/8
  2617 | D:2      | Reached XP level 5. HP: 38/38 MP: 6/9
  2808 | D:3      | Found a faded altar of an unknown god.
  2834 | D:3      | Prayed at the altar of an unknown god.
  2834 | D:3      | Became a worshipper of Jiyva Join the Shapeless
  2834 | D:3      | Reached * piety under Jiyva
  3032 | D:3      | Found a basalt altar of Yredelemnul.
  3238 | D:4      | Gained mutation: When hurt, damage is shared between your
                  | health and your magic reserves. [demonic ancestry]
  3238 | D:4      | Reached XP level 6. HP: 44/44 MP: 10/10
  3318 | D:4      | Reached ** piety under Jiyva
  3415 | D:4      | Reached skill level 5 in Summonings
  3698 | D:5      | Entered Level 5 of the Dungeon
  3750 | D:5      | Reached *** piety under Jiyva
  3831 | D:5      | Reached XP level 7. HP: 47/51 MP: 10/12
  3889 | D:5      | Gained mutation: You have supernaturally acute eyesight.
                  | (SInv) [Jiyva's grace]
  3889 | D:5      | Gained mutation: You expend magic power (3 MP) to
                  | strengthen your wands. [Jiyva's grace]
  3889 | D:5      | Gained mutation: Your translucent skin slightly reduces
                  | your foes' accuracy. (Stealth+) [Jiyva's grace]
  3889 | D:5      | Gained mutation: Your translucent skin reduces your foes'
                  | accuracy. (Stealth+) [Jiyva's grace]
  3889 | D:5      | Noticed Eustachio
  3929 | D:5      | Killed Eustachio
  4357 | D:6      | Gained mutation: You may rarely emit foul miasma when
                  | damaged in melee. [demonic ancestry]
  4357 | D:6      | Reached XP level 8. HP: 48/60 MP: 14/14
  4358 | D:6      | Found a staircase to the Ecumenical Temple.
  4358 | D:6      | Identified the +4 trident of the Messenger {vamp, Fly rN+}
  4430 | D:6      | Reached **** piety under Jiyva
  4482 | D:6      | Found an ornate altar of the Wu Jian Council.
  4489 | D:6      | Noticed a spectral centipede
  4489 | D:6      | Noticed a spectral black mamba
  4540 | D:6      | Found Cugadar's Weapon Shop.
  4558 | D:6      | Found a shimmering altar of Xom.
  4610 | D:6      | Found Toqoqucw's Assorted Antiques.
  4618 | D:6      | Bought a pitted ivory ring for 160 gold pieces
  4618 | D:6      | Identified the ring of the Cricket {Str+6 Int+2 Stlth+}
                  | (You bought it in a shop on level 6 of the Dungeon)
  4618 | D:6      | Bought a fuming inky potion for 28 gold pieces
  4618 | D:6      | Bought an amethyst potion for 28 gold pieces
  4618 | D:6      | Bought an amethyst potion for 28 gold pieces
  4804 | D:7      | Noticed Menkaure
  4851 | D:7      | Killed Menkaure
  4903 | D:7      | Reached skill level 1 in Armour
  4906 | D:7      | Reached skill level 1 in Polearms
  4909 | D:7      | Reached skill level 6 in Summonings
  4935 | D:7      | Found a stormy altar of Qazlal.
  4936 | D:7      | Found a radiant altar of Vehumet.
  4997 | D:7      | Noticed a hornet
  5014 | D:7      | Killed a hornet
  5304 | D:7      | Reached skill level 5 in Stealth
  5388 | D:7      | Noticed Maggie
  5389 | D:7      | Paralysed by Maggie for 4 turns
  5395 | D:7      | Paralysed by Maggie for 4 turns
  5406 | D:7      | Killed Maggie
  5572 | D:7      | Reached XP level 9. HP: 66/66 MP: 16/16
  5735 | D:8      | Reached skill level 5 in Spellcasting
  5748 | D:8      | Noticed Maurice
  5767 | D:8      | Killed Maurice
  5768 | D:8      | Reached skill level 5 in Dodging
  5819 | D:8      | Learned a level 1 spell: Freeze
  5827 | D:8      | Paralysed by a hornet for 2 turns
  5829 | D:8      | Reached skill level 5 in Fighting
  5852 | D:8      | Reached ***** piety under Jiyva
  6118 | D:9      | Reached skill level 1 in Ice Magic
  6128 | D:9      | Lost mutation: You have supernaturally acute eyesight.
                  | (SInv) [Jiyva's grace]
  6128 | D:9      | Lost mutation: You expend magic power (3 MP) to strengthen
                  | your wands. [Jiyva's grace]
  6128 | D:9      | Gained mutation: You have an increased reservoir of magic.
                  | (+10% MP) [Jiyva's grace]
  6128 | D:9      | Gained mutation: You have a considerably increased
                  | reservoir of magic. (+20% MP) [Jiyva's grace]
  6128 | D:9      | Gained mutation: You have a greatly increased reservoir of
                  | magic. (+30% MP) [Jiyva's grace]
  6128 | D:9      | Gained mutation: Your transparent skin significantly
                  | reduces your foes' accuracy. (Stealth+) [Jiyva's grace]
  6173 | D:9      | Found Ulluh's Elemental Accessories.
  6183 | D:9      | Identified the +0 cloak of Kyrobiv {rF+ rN+ Int-3 Dex+2}
  6328 | D:9      | Reached skill level 7 in Summonings
  6500 | D:9      | Gained mutation: You have a small tail. [demonic ancestry]
  6500 | D:9      | Reached XP level 10. HP: 74/74 MP: 24/24
  6707 | D:10     | Entered Level 10 of the Dungeon
  6746 | D:10     | Noticed a two-headed ogre
  6760 | D:10     | Killed a two-headed ogre
  7086 | D:10     | Found a staircase to the Lair.
  7171 | D:10     | Reached ****** piety under Jiyva
  7418 | Lair:1   | Entered Level 1 of the Lair of Beasts
  7486 | Lair:1   | Lost mutation: You have a greatly increased reservoir of
                  | magic. (+30% MP) [Jiyva's grace]
  7486 | Lair:1   | Lost mutation: You have a considerably increased reservoir
                  | of magic. (+20% MP) [Jiyva's grace]
  7486 | Lair:1   | Gained mutation: You are robust. (+10% HP) [Jiyva's grace]
  7486 | Lair:1   | Gained mutation: You are very robust. (+20% HP) [Jiyva's
                  | grace]
  7486 | Lair:1   | Gained mutation: You are extremely robust. (+30% HP)
                  | [Jiyva's grace]
  7486 | Lair:1   | Gained mutation: You have a small jelly attached to you
                  | that senses nearby items. [Jiyva's grace]
  7589 | Lair:1   | Gained mutation: You sometimes emit foul miasma when
                  | damaged in melee. [demonic ancestry]
  7589 | Lair:1   | Reached XP level 11. HP: 104/107 MP: 20/22
  7698 | Lair:1   | Reached skill level 8 in Summonings
  7725 | Lair:1   | You are sucked into a shaft and drop 1 floor!
  7768 | Lair:2   | Found a gate leading to a gauntlet.
  7829 | Lair:2   | Noticed an oklob plant
  7829 | Lair:2   | Noticed an oklob plant
  7831 | Gauntlet | Entered a Gauntlet
  7831 | Gauntlet | Noticed a fire crab
  7831 | Gauntlet | Found a transporter.
  7831 | Gauntlet | Found a transporter.
  7832 | Gauntlet | Found a transporter.
  7836 | Gauntlet | Found a transporter.
  7838 | Gauntlet | Found a large runed translucent door.
  7839 | Gauntlet | Found a large runed translucent door.
  7840 | Gauntlet | Found a large runed translucent door.
  7840 | Gauntlet | Found a large runed translucent door.
  7840 | Gauntlet | Found a runed translucent door.
  7840 | Gauntlet | Found a runed translucent door.
  7841 | Gauntlet | Found a large runed translucent door.
  7841 | Gauntlet | Found a large runed translucent door.
  7841 | Gauntlet | Found a large runed translucent door.
  7841 | Gauntlet | Found a large runed translucent door.
  7842 | Gauntlet | Found a large runed translucent door.
  7843 | Gauntlet | Found a large runed translucent door.
  7844 | Gauntlet | Found a large runed translucent door.
  7844 | Gauntlet | Found a large runed translucent door.
  7845 | Gauntlet | Found a large runed translucent door.
  7845 | Gauntlet | Found a large runed translucent door.
  7845 | Gauntlet | Found a large runed translucent door.
  7845 | Gauntlet | Found a large runed translucent door.
  7849 | Gauntlet | Found a transporter.
  7849 | Gauntlet | Found a transporter.
  7849 | Gauntlet | Found a runed translucent gate.
  7849 | Gauntlet | Found a runed translucent gate.
  7852 | Gauntlet | Found a transporter.
  7852 | Gauntlet | Found a transporter.
  7852 | Gauntlet | Noticed a wretched star
  7853 | Gauntlet | Found a runed translucent gate.
  7855 | Gauntlet | Found a transporter.
  7858 | Gauntlet | Found a transporter.
  7886 | Gauntlet | Found a transporter.
  7893 | Gauntlet | Noticed a catoblepas
  8002 | Gauntlet | Found a transporter.
  8098 | Gauntlet | Killed a fire crab
  8123 | Gauntlet | Reached skill level 5 in Polearms
  8123 | Gauntlet | Reached skill level 5 in Armour
  8137 | Gauntlet | Identified the ring "Onypiemo" {rN+ rCorr Str-4 Int+8
                  | Dex-4}
  8164 | Gauntlet | Killed a wretched star
  8202 | Gauntlet | Killed a catoblepas
  8274 | Gauntlet | Learned a level 4 spell: Summon Lightning Spire
  8275 | Gauntlet | Noticed a minotaur
  8294 | Gauntlet | Hit by a silver javelin thrown by a minotaur

Illustrated notes

Levels and vault maps discovered:
D:1:      dpeg_arrival_rooms_c, layout_basic, chequers_big_river
D:2:      layout_basic, guppyfry_early_lair_pool, uniq_sigmund
D:3:      layout_loops_ring, kennysheep_ying_yang,
          hellmonk_ecumenical_altar_crossroads, serial_shops,
          nicolae_shop_hallway_plus
D:4:      layout_basic
D:5:      layout_basic, kennysheep_little_box, minmay_tree_intersection,
          amcnicky_mini_rare_corridor_liquid, uniq_eustachio
D:6:      layout_basic, pdpol_wu_jian_five_deadly_venoms, xom_teletrap_fun,
          minmay_temple_entry_offerings, serial_shops, nicolae_shop_crystal,
          shop
D:7:      layout_basic, mainiacjoe_overflow_divided_tiny, uniq_menkaure,
          uniq_maggie
D:8:      layout_gridville, uniq_maurice
D:9:      layout_irregular_city, nicolae_elemental_shop
D:10:     layout_loops_ring, due_lair_maze_entry_diamond
Lair:1:   layout_long_grid, st_stairs_3
Lair:2:   minmay_lair_oklob_chamber, layout_regular_city,
          elwin_shoals_entry_rocks, gauntlet_entry_generic, uniq_urug
Gauntlet: gammafunk_gauntlet_hard_choice [gammafunk_gauntlet_arena_grid,
          gammafunk_gauntlet_arena_mazey,
          minmay_gauntlet_arena_make_your_own_arena, nicolae_gauntlet_swirl,
          gammafunk_gauntlet_arena_crates, gammafunk_gauntlet_arena_corners,
          gauntlet_exit_green]

Skill      XL: |  1  2  3  4  5  6  7  8  9 10 11 |
---------------+----------------------------------+-----
Dodging        | 2 3 4 5 6 7 |  7.0
Stealth        | 2 3 4 5 6 7 |  7.4
Fighting       | 2 3 4 5 6 7 |  7.0
Spellcasting   | 3 4 5 6 7 |  7.0
Summonings     | 5 6 7 8 |  8.5
Armour         | 2 3 4 5 |  5.2
Polearms       | 2 3 4 5 |  5.2
Ice Magic      | 2 3 4 |  4.4

Action                     |  1- 3 |  4- 6 |  7- 9 | 10-12 || total
---------------------------+-------+-------+-------+-------++-------
  Melee: Unarmed           |    38 |       |       |       ||    38
         Dagger            |   103 |       |       |       ||   103
         Halberd           |       |    51 |    62 |       ||   113
         Trident           |       |       |   186 |   263 ||   449
         Punch             |       |       |     1 |     2 ||     3
         Tailslap          |       |       |       |    44 ||    44
   Cast: Summon Small Mamm |    28 |       |     4 |       ||    32
         Call Imp          |    16 |     5 |    18 |    23 ||    62
         Call Canine Famil |     3 |     1 |    19 |    29 ||    52
         Freeze            |       |       |     4 |       ||     4
         Summon Lightning  |       |       |       |     1 ||     1
 Invoke: Oozemancy         |       |       |       |     2 ||     2
    Use: Potion            |     2 |       |       |       ||     2
         Scroll            |       |       |       |    13 ||    13
   Stab: Sleeping          |     3 |     7 |     5 |     3 ||    18
         Distracted        |     1 |       |     3 |       ||     4
 Armour: Robe              |    27 |    21 |    32 |       ||    80
         Swamp dragon scal |       |       |    53 |   191 ||   244
  Dodge: Dodged            |    88 |    35 |   222 |   364 ||   709
